 Dungeon Crawl Stone Soup version 0.31.0-9-g3a7656b989 (webtiles) character file.

Game seed: 3900172790989819312

57 Esekla the Trooper (level 4, -2/24 HPs)
             Began as a Vine Stalker Cinder Acolyte on Jan 24, 2024.
             Was a High Priest of Ignis.
             Slain by Crazy Yiuf
             ... wielding a +4 quarterstaff of chaos
              (8 damage)
             ... on level 2 of the Dungeon.
             The game lasted 00:06:04 (2043 turns).

Esekla the Trooper (Vine Stalker Cinder Acolyte)    Turns: 2043, Time: 00:06:04

Health: -2/24      AC:  2    Str: 17    XL:     4   Next: 0%
Magic:  0/7        EV: 11    Int: 16    God:    Ignis [*****.]
Gold:   62         SH:  0    Dex: 21    Spells: 4/6 levels left

rFire   + . .        s - +1 dagger (flame)
rCold   . . .        (no shield)
rNeg    . . .        b - +0 robe
rPois   .            (no helmet)
rElec   .            (no cloak)
rCorr   .            (no gloves)
SInv    .            (no boots)
Will    .....        (no amulet)
Stlth   ++           h - +6 ring of dexterity
HPRegen 1.04/turn    q - +6 ring of dexterity
MPRegen 0.10/turn

%: guardian spirit
@: lethally poisoned (-2 -> -7), very slightly contaminated
A: fangs 2, regeneration 1, magic shield, antimagic bite, no potion heal 2
a: Renounce Religion, Fiery Armour, Foxfire Swarm, Rising Flame


You were on level 2 of the Dungeon.
You worshipped Ignis.
Ignis was extremely pleased with you.
You visited 1 branch of the dungeon, and saw 2 of its levels.

You collected 62 gold pieces.

Inventory:

Hand Weapons
 a - a -1 falchion of flaming
 r - a +0 spear
 s - a +1 dagger of flaming (weapon)
Missiles
 p - 3 poisoned darts (quivered)
Armour
 b - a +0 robe (worn)
Jewellery
 h - a +6 ring of dexterity (left hand)
 q - a +6 ring of dexterity (right hand)
Scrolls
 c - a scroll of acquirement {unknown}
 f - 2 scrolls of vulnerability {unknown}
 g - a scroll of enchant weapon {unknown}
 j - 5 scrolls of identify {unknown}
 k - a scroll of fear {unknown}
 n - a scroll of immolation {unknown}
Potions
 d - 2 potions of heal wounds {unknown}
 e - a potion of resistance {unknown}
 i - a potion of curing {unknown}
 l - a potion of haste {unknown}
 m - a potion of degeneration {unknown}
 o - a potion of enlightenment {unknown}


   Skills:
 * Level 3.3 Fighting
 + Level 0.2(1.6) Short Blades
 + Level 2.8 Long Blades
 + Level 0.1 Dodging
 * Level 1.5 Spellcasting
 * Level 1.0 Conjurations
 + Level 3.1 Fire Magic
 * Level 1.3 Alchemy


You had 4 spell levels left.
You knew the following spells:

 Your Spells              Type           Power      Damage    Failure   Level
o - Scorch                Fire           22%        2d5       9%          2

Your spell library contained the following spells:

 Spells                   Type           Power      Damage    Failure   Level
 Lesser Beckoning         Tloc           2%         N/A       32%         2
 Inner Flame              Hex/Fire       6%         N/A       34%         3
 Gell's Gravitas          Tloc           1%         N/A       54%         3
 Teleport Other           Tloc           1%         N/A       54%         3
 Irradiate                Conj/Alch      2%         3d12      98%         5
 Ignition                 Fire           5%         3d4       100%        8


Dungeon Overview and Level Annotations

Branches:
Dungeon (2/15)

Altars:

Annotations:
D:2 Crazy Yiuf


Innate Abilities, Weirdness & Mutations

You have extremely sharp teeth.
Your natural rate of healing is unusually fast.
When hurt, damage is shared between your health and your magic reserves.
Your bite disrupts and absorbs the magic of your enemies.
Potions cannot restore your health.


Message History

You have reached level 4!
You feel stronger.
Found a hammer.
Found a runed translucent door.
Crazy Yiuf yells, "Aardvark light Orb Guardian!"
Press: ? - help, v - describe, . - travel
Here: Crazy Yiuf, wielding a +4 quarterstaff of chaos and wearing a +0 cloak (fire blocked by a runed translucent door)
The floor.
As you open the door, it creaks loudly!
There is an open door here.
You see here 7 stones.
You see here a +0 hand axe.
You now have 62 gold pieces (gained 8).
You see here a bat skeleton.
You open the door.
Throw: 4 darts (poison)
Press: ? - help, Q - select action, (/) - cycle Shift-Dir - straight line, f - Crazy Yiuf
Aim: Crazy Yiuf, wielding a +4 quarterstaff of chaos and wearing a +0 cloak (wandering, hasn't noticed you, 64% to hit)
You throw a poisoned dart. The poisoned dart hits Crazy Yiuf.
Crazy Yiuf is poisoned.
Crazy Yiuf says, "Millenium!"
Casting: Scorch (safe; 9% risk of failure)
Confirm with . or Enter, or press ? or * to list all spells.
Flames lash Crazy Yiuf.
Crazy Yiuf is lightly wounded.
Crazy Yiuf's fire resistance burns away.
Casting: Scorch (safe; 9% risk of failure)
Confirm with . or Enter, or press ? or * to list all spells.
You miscast Scorch.
You are very lightly contaminated with residual magic.
Nothing appears to happen.
Crazy Yiuf hits you with a +4 quarterstaff of chaos!
Ouch! That really hurt!
You are poisoned.
You closely miss Crazy Yiuf. You bite Crazy Yiuf. You drain his power.
You feel invigorated.
Crazy Yiuf is severely wounded.
* * * LOW HITPOINT WARNING * * *
You feel very sick.
Crazy Yiuf hits you with a +4 quarterstaff of chaos!
You die...

#......# #................#
#......# #######..........#
#......# #########'## #......#
##.###### #......# #........
#......# #..###### #......# ###
####..# #......# #)..###
##.....###### #####'####
#.(.g@####PP....#....# ........##
#...##..#.......#....# ........'#
### ###.#.P..###....# ........##
######## #..... #####'#### #.....
#....########### #.....
#####......##......# #.....
....#......#######.#########.....
###.#......#.....................


You could see Crazy Yiuf (poisoned, combustible).

Vanquished Creatures
  An adder (D:2)
  A dart slug (D:1)
  6 endoplasms
  6 giant cockroaches
  2 goblins (D:1)
  5 hobgoblins
  2 kobolds
  4 quokkas
  3 ball pythons
  4 bats
  3 frilled lizards
  3 rats (D:1)
40 creatures vanquished.

Notes
Turn   | Place    | Note
-------+----------+-------------------------------------------
     0 | D:1      | Esekla the Vine Stalker Cinder Acolyte began the quest for
                  | the Orb.
     0 | D:1      | Reached XP level 1. HP: 11/11 MP: 3/3
   261 | D:1      | Reached XP level 2. HP: 16/16 MP: 2/4
   264 | D:1      | Learned a level 2 spell: Scorch
   389 | D:1      | Found a faded altar of an unknown god.
   596 | D:1      | Reached skill level 1 in Alchemy
   596 | D:1      | Reached XP level 3. HP: 20/20 MP: 3/5
  1342 | D:2      | Reached skill level 1 in Conjurations
  1772 | D:2      | Reached XP level 4. HP: 24/24 MP: 7/7
  1793 | D:2      | Found a runed translucent door.
  1794 | D:2      | Noticed Crazy Yiuf
  2043 | D:2      | Slain by Crazy Yiuf

Illustrated notes

Levels and vault maps discovered:
D:1:      mrwooster_arrival_statue_3, layout_basic,
          dreamdust_ecumenical_altar_hidden_monk_grotto, minmay_misc_feat_five
D:2:      layout_basic, uniq_crazy_yiuf_cottage

Skill      XL: |  1  2  3 |
---------------+----------+-----
Fighting       | 3 |  3.3
Alchemy        | 1 |  1.3
Conjurations   | 1 |  1.0
Short Blades   | |  0.2
Long Blades    | |  2.8
Dodging        | |  0.1
Spellcasting   | |  1.5
Fire Magic     | |  3.1

Action                     |  1- 3 |  4- 6 || total
---------------------------+-------+-------++-------
  Melee: Dagger            |   123 |     1 ||   124
         Bite              |    27 |     1 ||    28
         Falchion          |     9 |       ||     9
         Punch             |     3 |       ||     3
  Throw: Dart              |       |     1 ||     1
   Cast: Scorch            |     3 |     1 ||     4
   Stab: Sleeping          |     1 |       ||     1
 Armour: Robe              |    66 |     2 ||    68
  Dodge: Dodged            |    61 |       ||    61
